 Dungeon Crawl Stone Soup version 0.15-a0-151-g961a08f (webtiles) character file.

379 KaKa the Cudgeler (level 5, 0/50 HPs)
             Began as an Ogre Hunter on Apr 15, 2014.
             Succumbed to a worker ant's poison
             ... on Level 4 of the Dungeon.
             The game lasted 00:12:57 (3145 turns).

KaKa the Cudgeler (Ogre Hunter)                     Turns: 3145, Time: 00:12:58

HP   0/50        AC  3     Str 19 (22) XL: 5   Next: 90%
MP   5/5         EV 10     Int 10      God:
Gold 166         SH  0     Dex 11      Spells:  0 memorised,  4 levels left

rFire  . . .     SeeInvis .     D - +0 flail
rCold  . . .     Clarity  .     d - +0 animal skin
rNeg   . . .     Conserve .     (shield restricted)
rPois  .         rCorr    .     (helmet restricted)
rElec  .         rRot     .     (no cloak)
SustAb . .       Spirit   .     (gloves unavailable)
rMut   .         Warding  .     (boots unavailable)
Saprov + . .     Stasis   .     (no amulet)
MR     .....                    (no ring)
                                (no ring)

@: mighty, flying, lethally poisoned, very slightly contaminated, hasted, very
quick, not resistant to hostile enchantments, unstealthy
A: unfitting armour, horns 1, fast metabolism 1, saprovore 1, tough skin 1
a: no special abilities


You were on level 4 of the Dungeon.
You were not hungry.

You visited 1 branch of the dungeon, and saw 4 of its levels.

You collected 166 gold pieces.

Inventory:

Hand weapons
 a - a +1,+1 club
 e - a +0,+0 mace
 y - a +0,+0 whip
 D - a +0,+0 flail (weapon)
Missiles
 b - 3 large rocks (quivered)
 c - a throwing net
 t - 5 javelins
 A - 15 poisoned needles
Armour
 d - a +0 animal skin (worn)
Magical devices
 x - a wand of flame (12)
Comestibles
 f - 3 meat rations
 q - 2 pears
 E - a chunk of worm flesh
Scrolls
 g - 2 scrolls of random uselessness {unknown}
 i - 2 scrolls of noise {unknown}
 j - 4 scrolls of identify {unknown}
 m - 3 scrolls of immolation {unknown}
 n - 2 scrolls of fear {unknown}
 o - 2 scrolls of enchant weapon II {unknown}
 p - 2 scrolls of teleportation {unknown}
 s - a scroll of amnesia {unknown}
 u - 2 scrolls of remove curse {unknown}
 B - a scroll of fog {unknown}
Jewellery
 v - an uncursed ring of invisibility
Potions
 l - 2 potions of degeneration
 r - a potion of haste
 w - a potion of flight
 z - a potion of confusion


   Skills:
 - Level 2.6 Fighting
 + Level 7.4 Maces & Flails
 - Level 4.4 Throwing
 - Level 1.7 Dodging
 - Level 0.7 Stealth


You had 4 spell levels left.
You didn't know any spells.

Dungeon Overview and Level Annotations

Branches:
Dungeon (4/15)
 Temple: D:4-7

Altars:
Cheibriados
Dithmenos
Nemelex Xobeh


Innate Abilities, Weirdness & Mutations

You are too large for most types of armour.
You have a fast metabolism.
You can tolerate rotten meat.
You have tough skin (AC +1).
You have a pair of small horns on your head.


Message History

* * * LOW HITPOINT WARNING * * *
You feel sick.
Drink which item? (? for menu, Esc to quit)
You feel very mighty all of a sudden.
It was a potion of might.
Drink which item? (? for menu, Esc to quit)
A pair of horns grows on your head!
You feel fantastic!
It was a potion of beneficial mutation.
* * * LOW HITPOINT WARNING * * *
You feel sick.
Drink which item? (? for menu, Esc to quit)
You suddenly lose the ability to move!
It was a potion of paralysis.
* * * LOW HITPOINT WARNING * * *
You feel sick.
You can move again.
* * * LOW HITPOINT WARNING * * *
You feel sick.
* * * LOW HITPOINT WARNING * * *
You feel sick.
You die...

. #.........##
#(##..........#
#........(....#
#.............#
#.............# ###
#...(.........# ...####
#.##............#
......#######.###.#####...#.
.......#........@...........
.......#....................
.......#................. .
....#.##.................
...<#.##................
...##.##............... ...
#................. ###
####.............
#............


There were no monsters in sight!

Vanquished Creatures
  An orc priest (D:3)
  A giant frog skeleton (D:4)
  A worker ant (D:4)
  Ijyb (D:2)
  Terence (D:3)
  2 adders
  A worm (D:4)
  An ooze (D:2)
  2 orcs (D:3)
  2 giant cockroaches (D:2)
  16 goblins
  12 hobgoblins
  7 jackals
  2 ball pythons (D:1)
  7 bats
  2 giant newts
  4 kobolds
  A quokka (D:2)
  14 rats
78 creatures vanquished.

Notes
Turn   | Place    | Note
--------------------------------------------------------------
     0 | D:1      | KaKa, the Ogre Hunter, began the quest for the Orb.
     0 | D:1      | Reached XP level 1. HP: 22/22 MP: 1/1
    49 | D:1      | Reached XP level 2. HP: 26/29 MP: 2/2
   570 | D:1      | Reached XP level 3. HP: 34/36 MP: 3/3
   710 | D:2      | Found a sparkling altar of Nemelex Xobeh.
   741 | D:2      | Found a snail-covered altar of Cheibriados.
  1093 | D:2      | Noticed Ijyb
  1225 | D:2      | Killed Ijyb
  1225 | D:2      | Reached skill level 5 in Maces & Flails
  1225 | D:2      | Reached XP level 4. HP: 29/44 MP: 4/4
  1894 | D:3      | Found a shadowy altar of Dithmenos.
  1903 | D:3      | Noticed Terence
  1905 | D:3      | Killed Terence
  2173 | D:3      | Reached skill level 6 in Maces & Flails
  2173 | D:3      | Reached XP level 5. HP: 38/50 MP: 5/5
  3095 | D:4      | Reached skill level 7 in Maces & Flails
  3135 | D:4      | Gained mutation: You have a pair of small horns on your head. [potion of beneficial mutation]
  3136 | D:4      | Paralysed by a potion of paralysis for 2 turns
  3137 | D:4      | HP: 2/50 [poisoned by a worker ant]
  3142 | D:4      | HP: 1/50 [poisoned by a worker ant]
  3145 | D:4      | Succumbed to a worker ant's poison

Action                   |  1- 3 |  4- 6 || total
-------------------------+-------+-------++-------
Melee: Mace              |   159 |    37 ||   196
       Club              |     4 |       ||     4
       Whip              |       |    45 ||    45
       Flail             |       |    27 ||    27
Throw: Large rock        |     5 |     7 ||    12
       Throwing net      |     2 |     2 ||     4
       Javelin           |     1 |     1 ||     2
Evoke: Wand              |       |     1 ||     1
  Use: Potion            |       |     7 ||     7
 Stab: Sleeping          |     1 |       ||     1
       Held in net/web   |       |     3 ||     3
